 Dungeon Crawl Stone Soup version 0.21.1-1-g345015f (webtiles) character file.

60 Monsterracer the Skirmisher (level 4, -2/40 HPs)
             Began as a Hill Orc Venom Mage on Feb 12, 2018.
             Slain by Natasha (5 damage)
             ... on level 2 of the Dungeon.
             The game lasted 00:01:48 (1712 turns).

Monsterracer the Skirmisher (Hill Orc Venom Mage)   Turns: 1712, Time: 00:01:48

Health: -2/40      AC:  2    Str: 14    XL:     4   Next: 6%
Magic:  0/6        EV: 12    Int: 15    God:
Gold:   161        SH:  0    Dex: 11    Spells: 5/6 levels left

rFire    . . .     SeeInvis .   e - +0 short sword
rCold    . . .     Gourm    .   (no shield)
rNeg     . . .     Faith    .   a - +0 robe
rPois    .         Spirit   .   (no helmet)
rElec    .         Reflect  .   (no cloak)
rCorr    .         Harm     .   (no gloves)
MR       .....                  (no boots)
Stlth    ++........             (no amulet)
HPRegen  0.13/turn              f - +3 ring of strength
MPRegen  0.10/turn              (no ring)

@: very slightly contaminated, slowed, very slow
A: no striking features
a: no special abilities


You were on level 2 of the Dungeon.
You were hungry.

You visited 1 branch of the dungeon, and saw 2 of its levels.

You collected 161 gold pieces.

Inventory:

Hand Weapons
 e - a +0 short sword (weapon)
Armour
 a - a +0 robe (worn)
Jewellery
 f - a +3 ring of strength (left hand)
Scrolls
 b - a scroll of amnesia {unknown}
 d - 2 scrolls of identify {unknown}
 i - a scroll of teleportation {unknown}
Potions
 g - a potion of flight {unknown}
 h - a potion of curing
Comestibles
 c - 3 rations


   Skills:
 * Level 4.3 Fighting
 - Level 1.5 Dodging
 - Level 1.5 Stealth
 - Level 1.5 Spellcasting
 - Level 1.0 Conjurations
 - Level 2.6 Poison Magic


You had 5 spell levels left.
You knew the following spells:

 Your Spells              Type           Power        Failure   Level  Hunger
a - Sting                 Conj/Pois      #...         11%         1    ##.....


Dungeon Overview and Level Annotations

Branches:
Dungeon (2/15)

Altars:

Annotations:
D:2 Natasha


Message History

Aim: Natasha (hasn't noticed you)
The sting misses Natasha.
Natasha hisses angrily.
You now have 5/6 mp.
Casting: Sting
Confirm with . or Enter, or press ? or * to list all spells.
Aiming: Sting
Press: ? - help, Shift-Dir - straight line, f/p - Natasha
Aim: Natasha The sting hits Natasha.
Natasha is lightly wounded.
Natasha claws you!
You take 7 damage, and have 33/40 hp.
You now have 4/6 mp.
Casting: Sting
Confirm with . or Enter, or press ? or * to list all spells.
Aiming: Sting
Press: ? - help, Shift-Dir - straight line, f/p - Natasha
Aim: Natasha (lightly wounded)
You miscast Sting.
You are very lightly contaminated with residual magic.
Nothing appears to happen.
Natasha closely misses you.
You now have 3/6 mp.
Casting: Sting
Confirm with . or Enter, or press ? or * to list all spells.
Aiming: Sting
Press: ? - help, Shift-Dir - straight line, f/p - Natasha
Aim: Natasha (lightly wounded)
The sting hits Natasha.
Natasha is poisoned.
Natasha is moderately wounded.
Natasha drinks a potion.
Natasha is healed!
Natasha looks more healthy.
You now have 2/6 mp.
Casting: Sting
Confirm with . or Enter, or press ? or * to list all spells.
Aiming: Sting
Press: ? - help, Shift-Dir - straight line, f/p - Natasha
Aim: Natasha The sting hits Natasha.
Natasha appears unharmed.
Natasha claws you!
You take 8 damage, and have 25/40 hp.
You now have 1/6 mp.
Casting: Sting
Confirm with . or Enter, or press ? or * to list all spells.
Aiming: Sting
Press: ? - help, Shift-Dir - straight line, f/p - Natasha
Aim: Natasha The sting misses Natasha.
Natasha stares at you and mumbles some strange words.
The magic dart hits you!
* * * LOW HITPOINT WARNING * * *
You take 8 damage, and have 17/40 hp.
You now have 0/6 mp.
You closely miss Natasha. Natasha claws you.
* * * LOW HITPOINT WARNING * * *
You take 5 damage, and have 12/40 hp.
You barely miss Natasha. Natasha barely misses you.
You hit Natasha.
Natasha is moderately wounded.
Natasha claws you!
* * * LOW HITPOINT WARNING * * *
You take 10 damage, and have 2/40 hp.
MASSIVE DAMAGE!!
Natasha howls an incantation.
You feel disoriented. Natasha barely misses you.
Natasha mumbles some strange words.
Natasha shimmers violently.
Natasha wildly gestures.
You feel disoriented.
Unknown command.
Casting: Sting
Confirm with . or Enter, or press ? or * to list all spells.
Aiming: Sting
Press: ? - help, Shift-Dir - straight line, f/p - Natasha
Aim: Natasha (moderately wounded)
The sting hits Natasha.
Natasha is poisoned.
Natasha is moderately wounded.
Natasha closely misses you.
You now have 0/6 mp.
Natasha mumbles some strange words.
Natasha shimmers violently.
Natasha casts a spell.
Natasha stares at you and mumbles some strange words.
You feel yourself slow down. Natasha casts a spell at you.
You feel as though you will be slow longer.
Casting: Sting
Confirm with . or Enter, or press ? or * to list all spells.
Aiming: Sting
Press: ? - help, Shift-Dir - straight line, f/p - Natasha
Aim: Natasha (heavily wounded, poisoned)
You miscast Sting.
Nothing appears to happen.
You now have 0/6 mp.
Natasha looks more healthy.
You closely miss Natasha.
Natasha is heavily wounded.
The white imp shouts, "Flee, thou artless base-court puttock!"
Natasha claws you.
* * * LOW HITPOINT WARNING * * *
Natasha closely misses you.
You take 1 damage, and have 3/40 hp.
You miss Natasha.
Natasha is heavily wounded.
Natasha claws you.
You die...

.#####.#.###.........##..####
.#.............#######...#
.#.........##..# #..##
.#...#####<....#####
#..####### .....#
#...........###.........
.....#
###..).#.##............#
.#######
######.##)####.....<.#
.......# #..#.# #.......#
######.# ##@#.# #....#..# #.#
#h5## #....#..# # #.# ##.##
#...## .. # #.#### #..# #..##
######.##.# ##.###..##
.......##.# #...#..##.
#####..##.# #.#...# #..##.#
#...### #.....# ###...##


You could see Natasha and a white imp.

Vanquished Creatures
  Natasha (D:2)
  An adder (D:2)
  A dart slug (D:1)
  A leopard gecko (D:1)
  3 goblins
  3 hobgoblins
  4 jackals
  2 frilled lizards (D:2)
  5 kobolds
  3 rats
24 creatures vanquished.

Notes
Turn   | Place    | Note
-------+----------+-------------------------------------------
     0 | D:1      | Monsterracer the Hill Orc Venom Mage began the quest for the Orb.
     0 | D:1      | Reached XP level 1. HP: 14/14 MP: 3/3
   179 | D:1      | Reached skill level 1 in Fighting
   448 | D:1      | Reached XP level 2. HP: 24/24 MP: 2/4
   496 | D:1      | Reached skill level 2 in Fighting
  1039 | D:2      | Reached skill level 3 in Fighting
  1049 | D:2      | Reached XP level 3. HP: 20/31 MP: 0/5
  1292 | D:2      | Noticed Natasha
  1300 | D:2      | HP: 14/31 [Natasha/magic dart (8)]
  1302 | D:2      | HP: 5/31 [Natasha/magic dart (7)]
  1303 | D:2      | Killed Natasha
  1303 | D:2      | Reached skill level 4 in Fighting
  1303 | D:2      | Reached XP level 4. HP: 6/40 MP: 0/6
  1690 | D:2      | Noticed Natasha
  1695 | D:2      | HP: 17/40 [Natasha/magic dart (8)]
  1698 | D:2      | HP: 2/40 [Natasha (10)]
  1711 | D:2      | HP: 3/40 [Natasha (1)]
  1712 | D:2      | Slain by Natasha

Skill      XL: |  1  2  3 |
---------------+----------+-----
Fighting       | 1 3 4 |  4.3
Dodging        | |  1.5
Stealth        | |  1.5
Spellcasting   | |  1.5
Conjurations   | |  1.0
Poison Magic   | |  2.6

Action                   |  1- 3 |  4- 6 || total
-------------------------+-------+-------++-------
Melee: Short sword       |    24 |     6 ||    30
 Cast: Sting             |    42 |    13 ||    55
 Stab: Sleeping          |     1 |       ||     1
  Eat: Chunk             |     2 |     1 ||     3
Armor: Robe              |     4 |       ||     4
Dodge: Dodged            |    20 |     6 ||    26

Vault maps used:
D:1:      elethiomel_arrival_shortcut
D:2:      tso_metal_star, grunt_temple_overflow_diamond, first_ration,
          uniq_natasha, uniq_sigmund
